 Dungeon Crawl Stone Soup version 0.31-a0-626-g8143ab4f1d (webtiles) character file.

Game seed: 9045412146906995334

457 spiderkeys the Ruffian (level 7, -2/46 HPs)
             Began as an Octopode Shapeshifter on Aug 24, 2023.
             Slain by a white imp (5 damage)
             ... on level 4 of the Dungeon.
             The game lasted 00:05:29 (3068 turns).

spiderkeys the Ruffian (Octopode Shapeshifter)      Turns: 3068, Time: 00:05:29

Health: -2/46      AC:  5    Str: 16    XL:     7   Next: 6%
Magic:  7/7        EV: 14    Int: 10    God:
Gold:   130        SH:  0    Dex: 13    Spells: 6/6 levels left

rFire   . .          .
                       - Unarmed
rCold   . . .        (no shield)
rNeg    . . .        (helmet currently unavailable)
rPois   .            g - amulet of regeneration
rElec   .            j - ring of willpower
rCorr   .            O - +4 ring of protection
SInv    .            (no ring)
Will    +....        (no ring)
Stlth   ++           (no ring)
HPRegen 1.07/turn    (no ring)
MPRegen 0.10/turn    (no ring)
                     (no ring)

%: no passive effects
@: beast-form
A: beast (slay +2), almost no armour, amphibious, 8 rings, camouflage 1,
gelatinous body 1, (nimble swimmer 1), tentacles
a: Begin Untransformation


You were on level 4 of the Dungeon.
You were a hulking beast.
You visited 1 branch of the dungeon, and saw 4 of its levels.

You collected 130 gold pieces.


Innate Abilities, Weirdness & Mutations

You are a hulking beast.
Your limbs bulge with bestial killing power. (Slay +2)
You cannot wear most types of armour.
You are amphibious.
You can wear up to eight rings at the same time.
Your skin changes colour to match your surroundings (Stealth+).
Your rubbery body absorbs attacks. (AC +1, EV +1)
((You are camouflaged when in or above water. (Stealth+)))
You have tentacles for arms and can constrict up to eight enemies at once.


   Skills:
 + Level 3.5 Fighting
 + Level 4.0 Dodging
 + Level 4.6 Unarmed Combat
 + Level 4.3 Shapeshifting


You had 6 spell levels left.
You didn't know any spells.
Your spell library was empty.

Inventory:

Missiles
 e - 2 poisoned darts
 f - 32 stones
 i - 5 javelins
 s - 2 boomerangs
Magical Staves
 m - a staff of conjuration {!a}
   (You found it on level 4 of the Dungeon)
Jewellery
 g - an amulet of regeneration (around mantle)
   (You found it on level 1 of the Dungeon)
 j - a ring of willpower (left tentacle)
   (You found it on level 1 of the Dungeon)
 O - a +4 ring of protection (right tentacle)
   (You found it on level 1 of the Dungeon)
Talismans
 b - a beast talisman (active)
 c - a flux talisman
Scrolls
 d - a scroll of enchant armour
 h - a scroll of noise {!r}
 k - 2 scrolls of revelation
 l - a scroll of teleportation {@r4}
 o - a scroll of silence {!r}
 t - a scroll of vulnerability {!r!r}
Potions
 a - 2 potions of lignification {!q}
 n - 2 potions of enlightenment
 q - a potion of curing {unknown}

Dungeon Overview and Level Annotations

Branches:
Dungeon (4/15) Zot: 20943
 Temple: D:4-7

Altars:
Vehumet

Shops:
D:2

?
...>.oo..........?...............
.................................
#................................
...........[...).................
...............)................#
...............)......######...##
................).....# ####....
+###................#............
#####........h5.....######....
..#.....So.####.# #.....
#.......## # #..... '........
#..... #........ #......
#........# #...... .........#
#...... .......### .......


You could see an orc wizard, an adder and a white imp.


Message History

😱 HP[+1]
You bludgeon the hound! You grab the hound. You tentacle-slap the hound.
You constrict the hound.
The hound bites you but does no damage. 😨 HP[+1]
You tentacle-slap the hound.
You kill the hound! 😨 HP[+1] Throw: 2 boomerangs
Press: ? - help, Shift-Dir - straight line, f - endoplasm
Aim: an endoplasm (86% to hit)
You throw a boomerang.
The boomerang hits the endoplasm. 😨 HP[+1]
You completely miss the endoplasm. You squeeze the endoplasm.
You kill the endoplasm! 😨 HP[+1]
An orc priest comes into view. It is wielding a +0 mace.
An orc wizard comes into view. It is wielding a +0 dagger. 😨 HP[+2]
You regained 2 hp, and now have 16/42 hp.
You barely miss the orc. You grab the orc. You squeeze the orc!
You kill the orc!
You see here a +0 morningstar. 😨 HP[+2]
You regained 2 hp, and now have 18/42 hp. 😨 HP[+1]
An adder comes into view.
The orc priest calls down the wrath of Beogh upon you.
Beogh smites you!
* * * LOW HITPOINT WARNING * * *
The orc wizard hits you but does no damage. 😱 HP[-12]
You take 12 damage, and now have 7/42 hp.
MASSIVE DAMAGE!! (PAUSE)
You closely miss the orc priest.
The adder hisses angrily.
You grab the orc priest. You constrict the orc priest.
The orc priest hits you with a +0 mace.
* * * LOW HITPOINT WARNING * * *
The orc wizard hits you with a +0 dagger.
* * * LOW HITPOINT WARNING * * *
😱 HP[-3]
You take 3 damage, and now have 4/42 hp.
You bludgeon the orc priest! You constrict the orc priest.
The orc priest invokes the aid of Beogh against you.
You resist with some effort.
The orc wizard hits you with a +0 dagger.
* * * LOW HITPOINT WARNING * * *
A white imp comes into view.
You bludgeon the orc priest!
You kill the orc priest!
You feel your dexterity returning.
Your Dodging skill increases to level 4!
You have reached level 7! 😱 HP[+1] MP[+1]
You now have 46 max hp (+4).
Your mp is fully restored (7).
You bludgeon the orc wizard! Your grab misses the orc wizard.
You squeeze the orc wizard.
The orc wizard closely misses you. 😱 HP[+1]
You barely miss the orc wizard. Your grab misses the orc wizard.
Your squeeze misses the orc wizard.
The orc wizard completely misses you. 😱 HP[+1] It was a potion of enlightenment.
You feel very buoyant.
You fly up into the air.
The orc wizard hits you with a +0 dagger.
* * * LOW HITPOINT WARNING * * *
The adder bites you but does no damage. 😱 HP[-3]
You take 3 damage, and now have 4/46 hp.
Your transformation has ended.
You turn into a tree.
Your roots penetrate the ground.
The adder bites you but does no damage.
The orc wizard hits you but does no damage. 😱 HP[+3]
You now have 69 max hp (+23).
You regained 3 hp, and now have 7/69 hp.
You completely miss the orc wizard. The adder bites you but does no damage.
The white imp gestures at you.
The puff of frost hits you but does no damage.
The orc wizard casts a spell at you. The puff of flame hits you.
* * * LOW HITPOINT WARNING * * *
The adder bites you but does no damage. 😱 HP[-2]
You take 2 damage, and now have 5/69 hp.
You closely miss the orc wizard.
The orc wizard hits you but does no damage.
The adder bites you but does no damage. 😱 HP[+1]
Okay, then.
It was a potion of cancellation.
Your magical effects are unravelling.
You feel magically purged.
You feel less wooden.
You turn into a hulking beast.
Your enlightenment fades.
The adder barely misses you. The white imp hits you.
* * * LOW HITPOINT WARNING * * *
The white imp freezes you.
You die...

Skill      XL: |  1  2  3  4  5  6 |
---------------+-------------------+-----
Fighting       | 2 3 |  3.5
Dodging        | 3 4 |  4.0
Unarmed Combat | 4 |  4.6
Shapeshifting  | 4 |  4.3

Action                     |  1- 3 |  4- 6 |  7- 9 || total
---------------------------+-------+-------+-------++-------
  Melee: Unarmed           |    65 |   113 |     4 ||   182
         Constrict         |    14 |    27 |       ||    41
         Tentacles         |     8 |    27 |     1 ||    36
         Punch             |       |     4 |       ||     4
  Throw: Boomerang         |       |     1 |       ||     1
    Use: Scroll            |       |    10 |       ||    10
         Potion            |       |       |     3 ||     3
   Stab: Sleeping          |     5 |     6 |       ||    11
 Armour: Skin              |    11 |    33 |     8 ||    52
  Dodge: Dodged            |    38 |    90 |     3 ||   131

Levels and vault maps discovered:
D:1:      lemuel_arrival_funnel, layout_basic, basic_ecumenical_altar
D:2:      layout_basic, basic_altar, serial_shops, shop
D:3:      layout_rooms, nicolae_vehumet_radiance, kennysheep_nondescript
D:4:      layout_basic, serial_demonic, serial_demonic_c, serial_demonic_e,
          serial_demonic_b, serial_demonic_g, serial_demonic_e

Notes
Turn   | Place    | Note
-------+----------+-------------------------------------------
     0 | D:1      | spiderkeys the Octopode Shapeshifter began the quest for
                  | the Orb.
     0 | D:1      | Reached XP level 1. HP: 13/13 MP: 1/1
     0 | D:1      | magus.rc [v1.11.6]
   241 | D:1      | Reached XP level 2. HP: 10/18 MP: 2/2
   466 | D:1      | Reached XP level 3. HP: 20/23 MP: 3/3
   490 | D:1      | Found a faded altar of an unknown god.
  1381 | D:2      | Found a radiant altar of Vehumet.
  1643 | D:2      | You fall into a shaft and drop 1 floor!
  1699 | D:3      | Reached skill level 2 in Fighting
  1699 | D:3      | Reached XP level 4. HP: 29/29 MP: 4/4
  2224 | D:2      | Found Fogg's Magic Scroll Boutique.
  2398 | D:3      | Reached skill level 3 in Dodging
  2423 | D:3      | Reached XP level 5. HP: 35/35 MP: 5/5
  2666 | D:3      | Found a radiant altar of Vehumet.
  2868 | D:4      | Reached skill level 4 in Unarmed Combat
  2873 | D:4      | Reached skill level 3 in Fighting
  2873 | D:4      | Reached XP level 6. HP: 23/42 MP: 6/6
  2877 | D:4      | HP: 7/42 [white imp/puff of frost (9)]
  2888 | D:3      | Reached skill level 4 in Shapeshifting
  3046 | D:4      | HP: 9/42 [orc/+0 hand axe (5)]
  3058 | D:4      | HP: 7/42 [orc priest/divine providence (13)]
  3062 | D:4      | Reached skill level 4 in Dodging
  3062 | D:4      | Reached XP level 7. HP: 5/46 MP: 7/7
  3064 | D:4      | HP: 4/46 [orc wizard/+0 dagger (4)]
  3068 | D:4      | Slain by a white imp

Vanquished Creatures
  A scorpion (D:4)
  A howler monkey (D:4)
  A quasit (D:4)
  A hound (D:4)
  4 orc priests (D:4)
  A sleepcap (D:3)
  A gnoll (D:1)
  4 adders
  A white imp (D:4)
  2 ufetubi (D:4)
  A worm (D:3)
  3 dart slugs
  10 orcs
  2 bats
  6 endoplasms
  3 giant cockroaches
  6 goblins
  3 hobgoblins
  5 jackals
  7 kobolds
  5 quokkas
  3 ball pythons
  2 frilled lizards
  8 rats
81 creatures vanquished.

Vanquished Creatures (collateral kills)
  A kobold (D:3)
1 creature vanquished.

Grand Total: 82 creatures vanquished

Table legend:
 A = Non-vault XP
 B = Vault XP
 C = Vault XP percentage of total XP
 D = Non-vault monster count
 E = Vault monster count
 F = Vault count percentage of total count
                 A         B        C        D         E       F
            +---------+---------+-------+---------+---------+-------
      Total |     582 |      71 |  10.9 |      78 |       4 |   4.9
            +---------+---------+-------+---------+---------+-------
        D:1 |      47 |       0 |   0.0 |      20 |       0 |   0.0
        D:2 |      59 |       0 |   0.0 |      22 |       0 |   0.0
        D:3 |      91 |       0 |   0.0 |      19 |       0 |   0.0
        D:4 |     385 |      71 |  15.6 |      17 |       4 |  19.0
            +---------+---------+-------+---------+---------+-------

Skill      XL: |  1  2  3  4  5  6 |
---------------+-------------------+-----
Fighting       | 2 3 |  3.5
Dodging        | 3 4 |  4.0
Unarmed Combat | 4 |  4.6
Shapeshifting  | 4 |  4.3

Action                     |  1- 3 |  4- 6 |  7- 9 || total
---------------------------+-------+-------+-------++-------
  Melee: Unarmed           |    65 |   113 |     4 ||   182
         Constrict         |    14 |    27 |       ||    41
         Tentacles         |     8 |    27 |     1 ||    36
         Punch             |       |     4 |       ||     4
  Throw: Boomerang         |       |     1 |       ||     1
    Use: Scroll            |       |    10 |       ||    10
         Potion            |       |       |     3 ||     3
   Stab: Sleeping          |     5 |     6 |       ||    11
 Armour: Skin              |    11 |    33 |     8 ||    52
  Dodge: Dodged            |    38 |    90 |     3 ||   131

Illustrated notes

Table legend:
 A = Kills in this place as a percentage of kills in the entire game.
 B = Kills by you in this place as a percentage of kills by you in the entire game.
 C = Kills by friends in this place as a percentage of kills by friends in the entire game.
 D = Other kills in this place as a percentage of other kills in the entire game.
 E = Experience gained in this place as a percentage of experience gained in the entire game.
 F = Experience gained in this place divided by the number of levels of this place that you have seen.
                   A       B       C       D       E      F
               +-------+-------+-------+-------+-------+----------------------
         Total | 100.0 | 100.0 | 100.0 |   N/A | 100.0 | 163.2
       Dungeon | 100.0 | 100.0 | 100.0 |   N/A | 100.0 | 163.2
               +-------+-------+-------+-------+-------+----------------------

Table legend: (Time is in decaauts)
 A = Elapsed time spent in this place.
 B = Non-inter-level travel time spent in this place.
 C = Inter-level travel time spent in this place.
 D = Time resting spent in this place.
 E = Time spent auto-exploring this place.
 F = Levels seen in this place.
 G = Mean time per level.
                   A        B        C        D        E       F      G
               +--------+--------+--------+--------+--------+-----+--------+
         Total |   3055 |   2932 |    123 |     68 |   2309 |   4 |  763.8 |
       Dungeon |   3055 |   2932 |    123 |     68 |   2309 |   4 |  763.8 |
               +--------+--------+--------+--------+--------+-----+--------+

Top non-repeatable levels by time:
     D:1: 1362 daAuts
     D:2: 954 daAuts
     D:3: 548 daAuts
     D:4: 189 daAuts
